 Dungeon Crawl Stone Soup version 0.29.1-1-gd02db6906a (webtiles) character file.

Game seed: 5219872070844616263

56 vvl the Stinger (level 3, -4/21 (26) HPs)
             Began as a Demonspawn Venom Mage on Sept 22, 2022.
             Slain by a necrophage (6 damage)
             ... on level 3 of the Dungeon.
             The game lasted 00:03:53 (2982 turns).

vvl the Stinger (Demonspawn Venom Mage)             Turns: 2982, Time: 00:03:53

HP:   -4/21 (26)    AC:  3    Str: 14    XL:     3   Next: 69%
MP:   5/6           EV: 12    Int: 20    God:
Gold: 154           SH:  0    Dex: 13    Spells: 5/6 levels left

rFire   . . .      SeeInvis .   d - +0 short sword
rCold   + . .      Faith    .   (no shield)
rNeg    . . .      Spirit   .   s - +0 leather armour
rPois   .          Reflect  .   (no helmet)
rElec   .          Harm     .   (no cloak)
rCorr   .          Rampage  .   (no gloves)
Will    .....                   (no boots)
Stlth   ++........              (no amulet)
HPRegen 0.07/turn               r - +6 ring of strength
MPRegen 0.10/turn               m - ring of protection from cold

@: heavily drained
A: big brain 1
a: no special abilities


You were on level 3 of the Dungeon.
You visited 1 branch of the dungeon, and saw 3 of its levels.

You collected 154 gold pieces.

Inventory:

Hand Weapons
 d - a +0 short sword (weapon)
Armour
 s - a +0 leather armour (worn)
Jewellery
 m - a ring of protection from cold (right hand)
 r - a +6 ring of strength (left hand)
Scrolls
 e - a scroll of teleportation {unknown}
 g - 2 scrolls of identify {unknown}
 k - a scroll of immolation {unknown}
 n - a scroll of enchant weapon {unknown}
 o - a scroll of enchant armour {unknown}
 q - a scroll of poison {unknown}
 u - a scroll of torment {unknown}
 v - a scroll of butterflies {unknown}
Potions
 a - a potion of degeneration {unknown}
 b - a potion of magic
 c - a potion of brilliance {unknown}
 f - a potion of curing {unknown}
 h - 2 potions of lignification {unknown}
 i - 2 potions of might {unknown}
 j - a potion of mutation {unknown}
 l - a potion of berserk rage {unknown}
 p - 2 potions of heal wounds {unknown}
 t - a potion of haste {unknown}


   Skills:
 + Level 1.0 Fighting
 + Level 1.0 Armour
 + Level 2.1 Dodging
 - Level 2.0 Stealth
 + Level 2.3 Spellcasting
 + Level 1.6 Transmutations
 + Level 3.2 Poison Magic


You had 5 spell levels left.
You knew the following spells:

 Your Spells              Type           Power      Damage    Failure   Level
a - Sting                 Tmut/Pois      48%        1d5       7%          1

Your spell library contained the following spells:

 Spells                   Type           Power      Damage    Failure   Level
 Poisonous Vapours        Pois/Air       16%        N/A       14%         2
 Mephitic Cloud           Conj/Pois/Air  6%         N/A       36%         3
 Olgreb's Toxic Radiance  Pois           15%        N/A       45%         4
 Conjure Flame            Conj/Fire      2%         6-21      50%         3
 Gell's Gravitas          Tloc           2%         N/A       50%         3
 Lesser Beckoning         Tloc           2%         N/A       50%         3
 Teleport Other           Tloc           2%         N/A       50%         3
 Flame Wave               Conj/Fire      2%         2d4       88%         4
 Borgnjor's Vile Clutch   Necr/Erth      1%         N/A       99%         5
 Ignition                 Fire           1%         3d3       100%        8


Dungeon Overview and Level Annotations

Branches:
Dungeon (3/15)

Altars:
Yredelemnul

Shops:
D:1 =


Innate Abilities, Weirdness & Mutations

You have an unusually large brain. (Int +2)


Message History

You now have 146 gold pieces (gained 6).
You now have 154 gold pieces (gained 8).
Found a stone staircase leading down.
An endoplasm comes into view.
The endoplasm quivers.
There are monsters nearby!
A frilled lizard and a necrophage come into view.
The frilled lizard hisses angrily.
The orc shouts!
The necrophage moves out of view.
A howler monkey zombie comes into view.
The orc priest shouts!
The orc shouts!
You hear a shout!
A hobgoblin comes into view.
A frilled lizard comes into view.
The endoplasm hits you but does no damage.
The frilled lizard moves out of view.
The sting hits the orc.
The orc is poisoned.
The orc is moderately wounded.
The orc shouts!
The endoplasm closely misses you. The orc hits you with a +0 hand axe.
The frilled lizard attacks as you move away!
The frilled lizard closely misses you. The orc attacks as you move away!
The orc hits you with a +0 hand axe. The necrophage hits you.
The necrophage attacks as you move away!
The necrophage hits you.
You feel drained.
You barely miss the necrophage. The necrophage hits you.
You feel drained.
You hit the necrophage.
The necrophage is lightly damaged.
The necrophage hits you.
* * * LOW HITPOINT WARNING * * *
You feel drained.
* * * LOW HITPOINT WARNING * * *
You hit the necrophage but do no damage.
The necrophage is lightly damaged.
The necrophage hits you.
* * * LOW HITPOINT WARNING * * *
You feel drained.
Found a metallic emerald potion.
Found a stone staircase leading down.
The necrophage attacks as you move away!
The necrophage hits you.
You die...

#####...##.....###l ##... #
#...# ##....#.#.... .
#####...# ##.##.#.#...##..
........####...#...........
######.............Z.......
# #.#####...###..o......
#.# ##.#####o......# #.#
#....nolg.8...# ...
#.##@###.....## #..
!>.....>.......... ###
.###.##.########## #.##.#
#### #.. #..... ..# #.#
####.# #.# #.# #.# #.# #.#
#.# #.# #.# ####.#####.#


You could see a necrophage, 3 orcs, a hobgoblin and a frilled lizard.

Vanquished Creatures
  2 adders
  An adder skeleton (D:3)
  A worm (D:2)
  A dart slug (D:2)
  An orc (D:2)
  4 ball pythons
  2 giant cockroaches
  2 goblins
  6 hobgoblins
  2 quokkas
  A frilled lizard (D:2)
  5 rats
28 creatures vanquished.

Notes
Turn   | Place    | Note
-------+----------+-------------------------------------------
     0 | D:1      | vvl the Demonspawn Venom Mage began the quest for the Orb.
     0 | D:1      | Reached XP level 1. HP: 13/13 MP: 3/3
    68 | D:1      | Reached skill level 1 in Transmutations
   582 | D:1      | Found Asytel's Jewellery Shop.
   775 | D:1      | Found a faded altar of an unknown god.
   779 | D:1      | Gained mutation: You have an unusually large brain. (Int
                  | +2) [demonic ancestry]
   779 | D:1      | Reached XP level 2. HP: 20/20 MP: 1/5
  1258 | D:2      | Found a basalt altar of Yredelemnul.
  1332 | D:2      | Got the Spellbook of Burning Metal
  1926 | D:2      | Reached XP level 3. HP: 25/25 MP: 3/6
  2404 | D:3      | Reached skill level 1 in Fighting
  2404 | D:3      | Reached skill level 1 in Armour
  2972 | D:3      | Noticed a necrophage
  2982 | D:3      | Slain by a necrophage

Illustrated notes

Levels and vault maps discovered:
D:1:      mainiacjoe_arrival_reflecting_pool, layout_loops_ring, serial_shops,
          shop, ebering_ecumenical_altar_mist, amcnicky_mini_pool_small
D:2:      layout_basic, basic_altar, kennysheep_generic_room_6
D:3:      layout_loops_ring, led_sif_pool, xom_teletrap_fun, serial_undead,
          serial_undead_d, serial_undead_d, serial_undead_c, serial_undead_d,
          minivault_26, minmay_quantized

Skill      XL: |  1  2  3 |
---------------+----------+-----
Transmutations | 1 |  1.6
Stealth        | 2 |  2.0
Dodging        | 2 |  2.1
Fighting       | 1 |  1.0
Armour         | 1 |  1.0
Spellcasting   | |  2.3
Poison Magic   | |  3.2

Action                   || total
-------------------------++-------
Melee: Short sword       ||    54
 Cast: Sting             ||    49
 Stab: Sleeping          ||     2
Armor: Robe              ||     4
       Leather armour    ||    14
Dodge: Dodged            ||    54
